 Dungeon Crawl Stone Soup version 0.20-a0-1066-ga910694 (webtiles) character file.

12696 Firecrotchwizard the Destroyer (level 11, -5/95 HPs)
             Began as a Pale Draconian Conjurer on Apr 28, 2017.
             Was a Priest of Vehumet.
             Slain by a spiny frog (11 damage)
             ... on level 3 of the Lair of Beasts on Apr 29, 2017.
             The game lasted 01:10:16 (16272 turns).

Firecrotchwizard the Destroyer (DrCj)              Turns: 16272, Time: 01:10:17

Health: -5/95      AC: 10    Str: 10    XL:     11   Next: 65%
Magic:  1/39       EV: 16    Int: 20    God:    Vehumet [***...]
Gold:   629        SH:  0    Dex: 14    Spells: 12/28 levels left

rFire    . . .     SeeInvis .   t - staff of power {MP+17, !a}
rCold    . . .     Gourm    .   (no shield)
rNeg     . . .     Faith    .   (armour unavailable)
rPois    +         Spirit   .   d - +1 hat
rElec    .         Reflect  .   X - +0 cloak of the Peasants {Dex+3} (curse)
rCorr    .         Harm     .   J - +0 pair of gloves
MR       .....                  (no boots)
Stlth    +++.......             (no amulet)
Regen    0.3/turn               y - ring of poison resistance {rPois, !d}
MPRegen  0.3/turn               V - ring of stealth {Stlth+}

@: no status effects
A: breathe steam, unfitting armour, cold-blooded, AC +7
a: Breathe Steam, Renounce Religion


You were on level 3 of the Lair of Beasts.
You worshipped Vehumet.
Vehumet was most pleased with you.
You were hungry.

You visited 3 branches of the dungeon, and saw 14 of its levels.

You collected 629 gold pieces.

Inventory:

Hand Weapons
 s - a +2 trident of protection
   (You took it off an orc on level 5 of the Dungeon)
 D - a +0 dagger of speed
   (You took it off a kobold on level 10 of the Dungeon)
Missiles
 e - a throwing net {=f, !d}
 S - 2 curare-tipped needles
Armour
 d - a +1 hat (worn)
   (You found it on level 1 of the Dungeon)
 J - a +0 pair of gloves (worn)
   (You found it on level 5 of the Dungeon)
 O - a +0 cloak
   (You found it on level 7 of the Dungeon)
 X - the cursed +0 cloak of the Peasants (worn) {Dex+3}
   (You found it on level 1 of the Lair of Beasts)

   It affects your dexterity (+3).
   It has a curse placed upon it.
Magical Staves
 t - an uncursed staff of power (weapon) {MP+17, !a}
   (You found it on level 3 of the Dungeon)
Jewellery
 y - a ring of poison resistance (left hand) {rPois, !d}
   (You found it on level 4 of the Dungeon)
 I - a +2 ring of strength
   (You found it on level 5 of the Dungeon)
 U - an uncursed ring of protection from cold {rC+, !d}
   (You found it on level 8 of the Dungeon)
 V - a ring of stealth (right hand) {Stlth+}
   (You found it on level 8 of the Dungeon)
Wands
 g - a wand of enslavement (12/24)
   (You found it on level 8 of the Dungeon)
 m - a wand of random effects (48/48)
   (You found it on level 3 of the Dungeon)
 C - a wand of digging (13/24)
   (You found it on level 6 of the Dungeon)
 E - a wand of digging (11/24)
   (You found it on level 1 of the Lair of Beasts)
 H - a wand of lightning (7/15)
   (You found it on level 6 of the Dungeon)
 R - a wand of confusion (35/48)
   (You found it on level 8 of the Dungeon)
 T - a wand of confusion (26/48)
   (You found it on level 8 of the Dungeon)
Scrolls
 i - a scroll of random uselessness {unknown}
 j - 6 scrolls of identify
 k - a scroll of magic mapping {!r}
 l - a scroll of fog
 n - a scroll of immolation {unknown}
 w - a scroll of blinking {!r}
 F - 2 scrolls of enchant weapon
 K - 2 scrolls of recharging
 W - 2 scrolls of remove curse
Potions
 c - a potion of heal wounds {unknown}
 f - a potion of resistance
 o - a potion of cancellation {unknown}
 p - 5 potions of brilliance
 q - 2 potions of degeneration {!q}
 r - a potion of haste {unknown}
 u - a potion of curing {unknown}
 v - 2 potions of magic
 z - a potion of lignification {unknown}
 A - 4 potions of flight
 B - 4 potions of might
 P - 2 potions of mutation {unknown}
Books
 a - a book of Conjurations
 L - a book of Necromancy
   (You found it on level 7 of the Dungeon)
 M - a Young Poisoner's Handbook
   (You found it on level 7 of the Dungeon)
 Q - a book of Battle
   (You found it on level 7 of the Dungeon)
Comestibles
 b - 5 bread rations {@e1}


   Skills:
 + Level 8.3 Fighting
 + Level 7.0 Dodging
 - Level 1.7 Stealth
 + Level 9.3 Spellcasting
 * Level 10.3 Conjurations
 - Level 7.5 Translocations


You had 12 spell levels left.
You knew the following spells:

 Your Spells              Type           Power        Failure   Level  Hunger
a - Magic Dart            Conj           ####         1%          1    None
b - Searing Ray           Conj           ######       1%          2    None
c - Force Lance           Conj/Tloc      #####...     1%          4    ###....
d - Mephitic Cloud        Conj/Pois/Air  ###.....     1%          3    None
s - Shroud of Golubria    Chrm/Tloc      ###.......   2%          2    None
x - Iskenderun's Mystic   Conj           ######..     1%          4    ###....


Dungeon Overview and Level Annotations

Branches:
Dungeon (10/15)            Temple (1/1) D:7            Lair (3/6) D:8
  Swamp: Lair:2-4    Shoals: Lair:2-4     Snake: Lair:2-4    Spider: Lair:2-4
    Orc: D:9-12

Altars:
Elyvilon
Fedhas
Hepliaklqana
Kikubaaqudgha
Makhleb
Nemelex Xobeh
Okawaru
Qazlal
Ru
Trog
Uskayaw
Vehumet
Wu Jian
Xom
Yredelemnul
Zin

Shops:
D:7 }   D:9 *   D:10 (

Annotations:
D:2 Sigmund
D:7 exclusions: hog and 2 slaves
D:8 exclusion: Maurice, Maurice
D:9 exclusions: troll and vampire
Lair:2 Harold


Innate Abilities, Weirdness & Mutations

You can breathe blasts of scalding, opaque steam.
Your pale cyan-grey scales are hard. (AC +7)
You cannot fit into any form of body armour.
You are cold-blooded and may be slowed by cold attacks.


Message History

The mystic blast hits the water moccasin.
The mystic blast hits the elephant.
You hear a loud, deep croak!
You hear a trumpeting!
You hear a croak.
Harold closely misses you. The water moccasin closely misses you.
The elephant tramples you but does no damage.
The elephant completely misses you. The crocodile bites you!
You take 10 damage, and have 54/94 hp.
You now have 17/39 mp.
Aim: Harold, wielding a war axe and wearing a ring mail (heavily wounded)
The orb of energy hits Harold.
The orb of energy explodes!
The mystic blast hits the fungus.
The mystic blast hits the elephant.
The mystic blast hits the water moccasin.
The mystic blast hits the elephant.
You hear a trumpeting! x2
The water moccasin bites you. The elephant barely misses you.
The elephant trunk-slaps you but does no damage.
Harold barely misses you. The crocodile misses you.
You now have 13/39 mp.
Aim: Harold, wielding a war axe and wearing a ring mail (severely wounded)
The orb of energy misses Harold.
The water moccasin bites you but does no damage.
The elephant misses you.
The elephant trunk-slaps you but does no damage.
The crocodile completely misses you. The water moccasin barely misses you.
Harold misses you.
You now have 9/39 mp.
Aim: Harold, wielding a war axe and wearing a ring mail (severely wounded)
The orb of energy hits Harold.
The water moccasin closely misses you.
The elephant tramples you but does no damage.
The elephant trunk-slaps you but does no damage.
The crocodile closely misses you. Harold completely misses you.
You now have 6/39 mp.
Aim: Harold, wielding a war axe and wearing a ring mail (severely wounded)
The orb of energy hits Harold.
The orb of energy explodes!
The mystic blast hits the elephant.
The mystic blast hits the water moccasin.
You kill the water moccasin!
Vehumet accepts your kill.
You feel your power returning.
The mystic blast hits the elephant.
The elephant misses you. The elephant barely misses you.
The crocodile misses you.
You now have 4/39 mp.
Aim: Harold, wielding a war axe and wearing a ring mail (almost dead)
The orb of energy hits Harold.
The orb of energy explodes!
The mystic blast hits the elephant.
You kill the elephant!
Vehumet accepts your kill.
Your Dodging skill increases to level 7!
Harold barely misses you. The elephant barely misses you.
The elephant closely misses you. The crocodile misses you.
You now have 0/39 mp.
A spiny frog comes into view.
The elephant tramples you.
You stumble backwards!
You take 6 damage, and have 49/95 hp.
A spiny frog comes into view.
The elephant completely misses you.
The elephant trunk-slaps you but does no damage.
The crocodile bites something!
Harold mumbles some strange words.
Harold blinks!
The spiny frog misses you.
There is a stone staircase leading down here.
You can't go up here!
Harold pauses a moment, imagining something with a smile on his face.
You climb downwards.
There is a stone staircase leading up here.
Space distorts slightly along a thin shroud covering your body.
The spiny frog barely misses you. x2
Your magical contamination has completely faded away.
You now have 0/39 mp.
Your shroud bends the spiny frog's attack away!
You are feeling hungry.
The spiny frog closely misses you. The spiny frog barely misses you.
The spiny frog barely misses you. The spiny frog misses you.
The spiny frog stings you!
You take 9 damage, and have 43/95 hp.
The spiny frog closely misses you. The spiny frog stings you!
You take 14 damage, and have 30/95 hp.
Your shroud bends the spiny frog's attack away!
The spiny frog stings you!
* * * LOW HITPOINT WARNING * * *
You take 14 damage, and have 16/95 hp.
The spiny frog barely misses you. x2
The spiny frog barely misses you. The spiny frog closely misses you.
Your shroud begins to fray at the edges.
The spiny frog misses you. The spiny frog completely misses you.
The spiny frog stings you!
* * * LOW HITPOINT WARNING * * *
Your shroud falls apart!
The spiny frog misses you.
You take 12 damage, and have 6/95 hp.
Aim: a spiny frog The orb of energy misses the spiny frog.
The spiny frog closely misses you.
You now have 0/39 mp.
The spiny frog stings you!
You die...

...###..##
#.....#..## .
#..P...#..
..#........##
...#........#
............#
..........≈.##
.....≈.@.≈≈≈.#
.....≈F≈≈≈≈≈≈.#
##..≈≈≈≈≈≈≈≈≈..
##≈≈≈≈≈≈≈≈≈≈.#
#.≈≈≈≈≈≈≈≈...
...≈≈≈≈≈≈≈≈...
##...≈≈≈≈≈.....
#.............


You could see a spiny frog.

Vanquished Creatures
  A hydra (Lair:1)
  A two-headed ogre (D:10)
  3 elephants
  A spiny frog (Lair:1)
  2 ice devils (Lair:1)
  3 komodo dragons
  A troll (D:9)
  4 blink frogs (Lair:1)
  3 hippogriffs
  A wyvern (Lair:2)
  6 yaks
  2 basilisks
  A hungry ghost (D:10)
  A porcupine (Lair:1)
  8 water moccasins
  3 ice beasts
  A slave (D:7)
  2 sky beasts
  3 black bears
  A phantom (D:9)
  6 ogres
  4 centaurs
  6 crocodiles
  2 big kobolds
  6 bullfrogs
  3 jellies
  5 scorpions
  A water moccasin skeleton (D:10)
  9 killer bees
  3 wights (D:8)
  2 howler monkeys
  5 electric eels
  4 crimson imps
  A bullfrog zombie (D:5)
  6 hounds
  2 orc priests
  4 bullfrog skeletons
  2 centaur skeletons
  2 iguanas
  4 orc wizards
  Crazy Yiuf (D:7)
  Natasha (twice) (D:4)
  7 worker ants
  A hound zombie (D:8)
  8 adders
  5 river rats (D:6)
  3 shadow imps
  2 oozes
  2 adder zombies
  3 adder skeletons
  3 worms (D:2)
  2 dart slugs (D:3)
  5 leopard geckos
  32 orcs
  5 giant cockroaches
  2 goblins (D:3)
  7 hobgoblins
  16 jackals
  13 kobolds
  6 quokkas
  A ball python (D:3)
  9 bats
  5 frilled lizards
  A giant cockroach zombie (D:6)
  A leopard gecko skeleton (D:4)
  19 rats
286 creatures vanquished.

Vanquished Creatures (others)
  6 fungi (Lair:2)
  7 plants
13 creatures vanquished.

Grand Total: 299 creatures vanquished

Notes
Turn   | Place    | Note
-------+----------+-------------------------------------------
     0 | D:1      | Firecrotchwizard the Draconian Conjurer began the quest for the Orb.
     0 | D:1      | Reached XP level 1. HP: 14/14 MP: 3/3
   374 | D:1      | Reached XP level 2. HP: 15/20 MP: 0/5
  1265 | D:2      | Found a glowing silver altar of Zin.
  1395 | D:2      | Reached XP level 3. HP: 9/26 MP: 1/6
  1768 | D:2      | Learned a level 2 spell: Searing Ray
  1863 | D:2      | Reached skill level 5 in Conjurations
  2037 | D:2      | Noticed Sigmund
  2454 | D:3      | Reached XP level 4. HP: 23/33 MP: 6/8
  3173 | D:3      | Learned a level 4 spell: Force Lance
  3196 | D:4      | Noticed Natasha
  3203 | D:4      | Killed Natasha
  3203 | D:4      | Reached skill level 3 in Spellcasting
  3278 | D:4      | HP: 8/33 [orc priest/divine providence (9)]
  3510 | D:4      | Reached skill level 1 in Translocations
  3510 | D:4      | Reached XP level 5. HP: 29/38 MP: 9/9
  3613 | D:4      | Found a sacrificial altar of Ru.
  4032 | D:4      | Reached skill level 6 in Conjurations
  4032 | D:4      | Reached skill level 2 in Translocations
  4165 | D:4      | Noticed Natasha
  4172 | D:4      | Killed Natasha
  4172 | D:4      | Reached XP level 6. HP: 40/45 MP: 11/11
  4509 | D:5      | Entered Level 5 of the Dungeon
  4529 | D:5      | Reached skill level 3 in Translocations
  4634 | D:5      | Learned a level 4 spell: Iskenderun's Mystic Blast
  4774 | D:5      | Noticed an ice beast
  4806 | D:5      | Killed an ice beast
  4806 | D:5      | Your scales start taking on a pale cyan-grey colour.
  4806 | D:5      | Reached XP level 7. HP: 50/50 MP: 2/12
  5014 | D:5      | Reached skill level 4 in Spellcasting
  5187 | D:5      | Reached skill level 4 in Translocations
  5329 | D:5      | Reached skill level 7 in Conjurations
  6029 | D:6      | Reached XP level 8. HP: 57/57 MP: 10/14
  6150 | D:6      | Reached skill level 5 in Translocations
  6712 | D:6      | Reached skill level 8 in Conjurations
  6881 | D:6      | Reached skill level 5 in Spellcasting
  6895 | D:6      | Reached skill level 6 in Translocations
  7681 | D:6      | Reached XP level 9. HP: 62/62 MP: 17/17
  7856 | D:7      | Reached skill level 9 in Conjurations
  7856 | D:7      | Reached skill level 7 in Translocations
  7928 | D:7      | Learned a level 3 spell: Mephitic Cloud
  8008 | D:7      | Found a sparkling altar of Nemelex Xobeh.
  8010 | D:7      | Found a hide-covered altar of Uskayaw.
  8210 | D:7      | Found a runed door.
  8545 | D:7      | Found a staircase to the Ecumenical Temple.
  8554 | Temple   | Entered the Ecumenical Temple
  8605 | Temple   | Became a worshipper of Vehumet
  8660 | D:7      | Found Yremanif's Quality Used Wands.
  8713 | D:7      | Learned a level 2 spell: Shroud of Golubria
  8936 | D:7      | Noticed Crazy Yiuf
  8938 | D:7      | Killed Crazy Yiuf
  8938 | D:7      | Reached skill level 6 in Spellcasting
  9052 | D:8      | Reached skill level 2 in Dodging
  9079 | D:8      | Found a staircase to the Lair.
  9087 | D:8      | Reached skill level 1 in Fighting
  9213 | D:8      | Noticed Maurice
  9392 | D:8      | Reached skill level 2 in Fighting
  9679 | D:8      | You fall through a shaft for 2 floors!
  9679 | D:10     | Entered Level 10 of the Dungeon
  9799 | D:9      | Found Negesh's Assorted Antiques.
  9956 | D:9      | Found a shimmering altar of Xom.
  9962 | D:9      | Noticed a troll
 10253 | D:8      | Reached skill level 3 in Fighting
 10253 | D:8      | Reached skill level 3 in Dodging
 10451 | D:8      | Reached * piety under Vehumet
 10451 | D:8      | Offered knowledge of Freeze by Vehumet.
 10711 | D:8      | Reached skill level 7 in Spellcasting
 10961 | D:9      | Upgraded the game from 0.20-a0-1062-g7b787ac to 0.20-a0-1066-ga910694
 11031 | D:9      | Reached XP level 10. HP: 78/78 MP: 20/20
 11252 | D:9      | Reached skill level 4 in Fighting
 11750 | D:10     | Noticed a two-headed ogre
 11756 | D:10     | Killed a two-headed ogre
 11756 | D:10     | Reached skill level 5 in Fighting
 11756 | D:10     | Reached skill level 4 in Dodging
 12048 | D:9      | Offered knowledge of Shock by Vehumet.
 12204 | D:10     | Reached ** piety under Vehumet
 12415 | D:10     | Found Comoit's Antique Weapon Boutique.
 12566 | D:10     | Reached skill level 5 in Dodging
 12574 | D:10     | Reached skill level 8 in Spellcasting
 12698 | D:10     | Reached skill level 6 in Fighting
 12997 | D:10     | Noticed a tengu warrior
 13148 | Lair:1   | Entered Level 1 of the Lair of Beasts
 13646 | Lair:1   | Noticed a spiny frog
 13651 | Lair:1   | Killed a spiny frog
 13651 | Lair:1   | Reached skill level 7 in Fighting
 13651 | Lair:1   | Reached skill level 6 in Dodging
 13651 | Lair:1   | Reached XP level 11. HP: 92/92 MP: 11/23
 14004 | Lair:1   | Got a dazzling cloak
 14015 | Lair:1   | Identified the cursed +0 cloak of the Peasants {Dex+3} (You found it on level 1 of the Lair of Beasts)
 14987 | Lair:1   | Reached skill level 9 in Spellcasting
 15210 | Lair:1   | Offered knowledge of Conjure Flame by Vehumet.
 15448 | Lair:2   | Noticed Harold
 15498 | Lair:1   | Noticed a six-headed hydra
 15519 | Lair:1   | Killed a six-headed hydra
 15519 | Lair:1   | Reached skill level 8 in Fighting
 15523 | Lair:1   | HP: 14/94 [ice devil (22)]
 15555 | Lair:1   | Reached skill level 10 in Conjurations
 15865 | Lair:2   | HP: 19/94 [yak (14)]
 16198 | Lair:1   | Reached *** piety under Vehumet
 16247 | Lair:2   | Reached skill level 7 in Dodging
 16264 | Lair:3   | HP: 16/95 [spiny frog (14)]
 16270 | Lair:3   | HP: 6/95 [spiny frog (12)]
 16272 | Lair:3   | Slain by a spiny frog

Vault maps used:
D:1:      nicolae_arrival_somewhat_less_tricky_arrival
D:2:      lemuel_crystal_altar, uniq_sigmund
D:3:      first_bread
D:4:      lemuel_crystal_altar, uniq_natasha
D:6:      grunt_ministairs_3, dk_rats_in_the_wall
D:7:      nicolae_overflow_hidden_temple, lemuel_coloured_pillars_altar,
          minmay_temple_entry_large_hall, grunt_livestock, minivault_24,
          minivault_4, nicolae_for_you_no_charge, uniq_pikel,
          uniq_crazy_yiuf_cottage
D:8:      lair_entry_dummy, uniq_maurice
D:9:      old_standard_altar, serial_shops, shop
D:10:     serial_bayou, serial_bayou_pond_d, serial_bayou_pond_c,
          serial_bayou_shore_b, serial_bayou_pond_b, serial_bayou_lagoon_b,
          serial_bayou_pond_c, serial_shops, kennysheep_mini_moat
Temple:   nicolae_temple_elliptical
Lair:1:   portal_ice_cave_demonic_guard
Lair:2:   minivault_24, beast_lair_carwin_5, uniq_harold
Lair:3:   dummy_snake_entry, infiniplex_staircase_pool

Skill      XL: |  1  2  3  4  5  6  7  8  9 10 11 |
---------------+----------------------------------+-----
Conjurations   | 5 6 7 8 9 10 | 10.3
Spellcasting   | 3 4 5 7 8 9 |  9.3
Translocations | 1 2 3 4 6 7 |  7.5
Dodging        | 3 6 7 |  7.0
Fighting       | 3 7 8 |  8.3
Stealth        | |  1.7

Action                   |  1- 3 |  4- 6 |  7- 9 | 10-12 || total
-------------------------+-------+-------+-------+-------++-------
Melee: Club              |    60 |       |       |       ||    60
       Unarmed           |     1 |       |       |       ||     1
       Trident           |    46 |       |       |       ||    46
       Tailslap          |     8 |       |       |       ||     8
 Cast: Magic Dart        |    89 |   110 |   346 |   127 ||   672
       Searing Ray       |       |     9 |     9 |       ||    18
       Force Lance       |       |     4 |     5 |    42 ||    51
       Iskenderun's Myst |       |     3 |    65 |   118 ||   186
       Shroud of Golubri |       |       |     1 |     7 ||     8
       Mephitic Cloud    |       |       |     1 |     1 ||     2
 Abil: Breathe Steam     |       |       |       |     6 ||     6
  Use: Scroll            |       |    12 |     4 |     3 ||    19
 Stab: Sleeping          |     1 |       |       |       ||     1
  Eat: Chunk             |     6 |     8 |    21 |     6 ||    41
       Bread ration      |       |       |     1 |       ||     1
       Fruit             |       |       |     1 |       ||     1
       Meat ration       |       |       |     1 |     2 ||     3
       Royal jelly       |       |       |     1 |     5 ||     6
Armor: Skin              |    61 |    12 |    45 |    77 ||   195
Dodge: Dodged            |   105 |    26 |    74 |   177 ||   382

Vault maps used:
D:1:      nicolae_arrival_somewhat_less_tricky_arrival
D:2:      lemuel_crystal_altar, uniq_sigmund
D:3:      first_bread
D:4:      lemuel_crystal_altar, uniq_natasha
D:6:      grunt_ministairs_3, dk_rats_in_the_wall
D:7:      nicolae_overflow_hidden_temple, lemuel_coloured_pillars_altar,
          minmay_temple_entry_large_hall, grunt_livestock, minivault_24,
          minivault_4, nicolae_for_you_no_charge, uniq_pikel,
          uniq_crazy_yiuf_cottage
D:8:      lair_entry_dummy, uniq_maurice
D:9:      old_standard_altar, serial_shops, shop
D:10:     serial_bayou, serial_bayou_pond_d, serial_bayou_pond_c,
          serial_bayou_shore_b, serial_bayou_pond_b, serial_bayou_lagoon_b,
          serial_bayou_pond_c, serial_shops, kennysheep_mini_moat
Temple:   nicolae_temple_elliptical
Lair:1:   portal_ice_cave_demonic_guard
Lair:2:   minivault_24, beast_lair_carwin_5, uniq_harold
Lair:3:   dummy_snake_entry, infiniplex_staircase_pool

Table legend:
 A = Turns spent in this place as a percentage of turns spent in the entire game.
 B = Non-inter-level travel turns spent in this place as a percentage of non-inter-level travel turns spent in the entire game.
 C = Inter-level travel turns spent in this place as a percentage of turns spent in this place.
 D = Turns resting spent in this place as a percentage of non-inter-level travel turns spent in this place.
 E = Turns spent auto-exploring this place as a percentage of non-inter-level travel turns spent in this place.
 F = Non-inter-level travel turns spent in this place divided by the number of levels of this place that you've seen.
                   A       B       C       D       E      F
               +-------+-------+-------+-------+-------+----------------------
         Total | 100.0 | 100.0 |   0.9 |   9.8 |  10.3 | 232.9
       Dungeon |  71.1 |  71.1 |   1.0 |  11.1 |  13.4 | 231.8
        Temple |   0.8 |   0.7 |   4.0 |   0.0 |  29.2 |  24.0
          Lair |  28.1 |  28.2 |   0.8 |   6.6 |   2.0 | 306.0
               +-------+-------+-------+-------+-------+----------------------

Table legend:
 A = Kills in this place as a percentage of kills in entire the game.
 B = Kills by you in this place as a percentage of kills by you in the entire game.
 C = Kills by friends in this place as a percentage of kills by friends in the entire game.
 D = Other kills in this place as a percentage of other kills in the entire game.
 E = Experience gained in this place as a percentage of experience gained in the entire game.
 F = Experience gained in this place divided by the number of levels of this place that you have seen.
                   A       B       C       D       E      F
               +-------+-------+-------+-------+-------+----------------------
         Total | 100.0 | 100.0 |  -nan |  -nan | 100.0 | 1295.6
       Dungeon |  87.7 |  87.7 |  -nan |  -nan |  50.8 | 921.3
          Lair |  12.3 |  12.3 |  -nan |  -nan |  49.2 | 2975.0
               +-------+-------+-------+-------+-------+----------------------
